Map: Blackburn LE

Players

Erik

  • Race: Zerg Zerg
  • League: Master

Kelazhur - Winner!

  • Race: Terran Terran

Event: DreamHack SC2 Masters 2021 Summer

VOD

Have the link to the VOD?

Description

Time

  • Played on: May 30, 2021, 5:35 p.m.
  • Length: 10:31

All games in this series

Show
View Real Time Build Order
Export as new Build Order

Erik Zerg 

Build Orders: Hatch First, Zergling Baneling 

Get SALT Encoding   

  12  0:00  Drone  
  13  0:09  Drone  
  14  0:14  Extractor  
  14  0:15  Drone  
  15  0:37  Hatchery  
  15  0:40  Extractor  
  13  0:44  Drone  
  14  0:58  Spawning Pool  
  14  1:02  Drone  
  14  1:12  Overlord  
  14  1:31  Drone  
  14  1:32  Drone  
  16  1:45  Zergling x2  
  16  1:46  Zergling x2  
  18  1:49  Metabolic Boost  
  18  1:50  Zergling x2  
  19  1:57  Queen  
  21  2:08  Overlord  
  21  2:22  Zergling x2  
  23  2:25  Zergling x2  
  24  2:30  Zergling x2  
  24  2:32  Zergling x4  
  24  2:36  Baneling Nest  
  24  2:39  Zergling x2  
  25  2:44  Zergling x2  
  26  2:53  Zergling x2  
  26  2:54  Zergling x2  
  27  3:01  Zergling x4  
  29  3:08  Zergling x4  
  31  3:19  Baneling x5  
  31  3:20  Baneling  
  31  3:23  Baneling  
  31  3:24  Baneling  
  31  3:27  Baneling  
  31  3:32  Zergling x2  
  32  3:36  Zergling x2  
  29  3:49  Zergling x6  
  24  3:58  Zergling x2  
  24  3:59  Zergling x2  
  24  4:11  Baneling x5  
  24  4:13  Zergling x2  
  24  4:16  Zergling x2  
  26  4:22  Baneling  
  26  4:29  Drone x2  
  26  4:31  Drone  
  29  4:38  Drone x2  
  30  4:49  Drone x3  
  30  4:53  Drone x2  
  32  5:03  Drone  
  32  5:05  Drone x3  
  36  5:10  Overlord  
  36  5:16  Overlord  
  36  5:28  Queen x2  
  36  5:30  Drone  
  36  5:31  Drone  
  42  5:36  Zergling x4  
  42  5:38  Zergling x2  
  42  5:41  Drone x2  
  47  5:43  Drone  
  47  5:47  Extractor x2  
  46  5:50  Drone x2  
  48  5:57  Spore Crawler  
  48  5:58  Spore Crawler  
  48  6:00  Drone x2  
  45  6:11  Lair  
  42  6:13  Drone  
  40  6:20  Drone  
  40  6:23  Drone  
  41  6:27  Drone  
  42  6:33  Drone  
  42  6:34  Drone  
  44  6:40  Drone  
  44  6:41  Drone  
  44  6:43  Drone x3  
  49  6:50  Extractor  
  49  6:52  Baneling x6  
  45  7:10  Zergling x8  
  45  7:20  Overseer  
  41  7:26  Spire  
  38  7:30  Drone x5  
  38  7:32  Drone  
  41  7:44  Drone x2  
  41  7:49  Drone  
  41  7:53  Drone x4  
  45  8:04  Overlord x2  
  45  8:22  Drone x2  
  45  8:26  Overlord  
  47  8:38  Mutalisk x6  
  59  8:44  Overlord  
  59  8:46  Mutalisk  
  61  8:55  Zergling x8  
  62  9:10  Zergling x6  
  62  9:11  Zergling x2  
  62  9:16  Hatchery  
  64  9:19  Baneling x7  
  64  9:28  Zergling x10  
  64  9:29  Zergling x2  
  58  9:39  Zergling x10  
  46  10:04  Mutalisk  
Show
View Real Time Build Order
Export as new Build Order

Kelazhur Terran - Winner!

Build Orders: Reaper Expand 

Get SALT Encoding   

  12  0:00  SCV  
  13  0:12  SCV  
  14  0:17  Supply Depot  
  14  0:24  SCV  
  15  0:38  SCV  
  15  0:40  Barracks  
  16  0:43  Refinery  
  16  0:50  SCV  
  17  1:02  SCV  
  18  1:15  SCV  
  19  1:26  Reaper  
  19  1:28  Orbital Command  
  20  1:40  Command Center  
  20  1:50  Supply Depot  
  20  1:53  SCV  
  21  1:58  Marine  
  22  2:05  SCV  
  23  2:10  Factory  
  23  2:17  SCV  
  23  2:20  Barracks Reactor  
  24  2:29  SCV  
  25  2:35  Refinery  
  25  2:41  SCV  
  26  2:53  SCV  
  26  2:57  Marine x2  
  27  3:06  SCV  
  27  3:10  Hellion  
  30  3:13  Starport  
  30  3:17  Marine x2  
  30  3:18  SCV  
  33  3:24  Orbital Command  
  33  3:30  SCV  
  34  3:40  Hellion x2  
  38  3:42  SCV  
  29  4:06  Hellion  
  29  4:10  Supply Depot  
  29  4:12  Supply Depot  
  29  4:14  Starport Tech Lab  
  30  4:17  SCV  
  30  4:31  SCV x2  
  30  4:34  Banshee  
  30  4:36  Cloaking Field  
  39  4:43  SCV  
  40  4:45  SCV  
  37  4:53  Orbital Command, Factory  
  38  5:01  Supply Depot  
  38  5:02  SCV  
  38  5:05  Supply Depot  
  38  5:21  Command Center  
  38  5:22  Banshee  
  38  5:23  SCV  
  38  5:25  SCV  
  43  5:30  Supply Depot  
  43  5:35  SCV  
  44  5:37  SCV  
  45  5:43  Armory  
  45  5:44  Hellion  
  45  5:45  Hellion  
  45  5:47  SCV  
  45  5:49  SCV  
  51  5:58  Supply Depot  
  51  5:59  SCV  
  51  6:01  SCV  
  53  6:06  Hellion x2  
  53  6:11  SCV  
  58  6:13  SCV  
  59  6:23  SCV  
  59  6:25  SCV  
  61  6:27  Hellion, Supply Depot  
  63  6:35  Orbital Command, SCV  
  63  6:37  SCV  
  65  6:42  Marine  
  65  6:43  Stimpack  
  66  6:47  Barracks, SCV  
  66  6:52  SCV  
  68  6:54  Starport Reactor  
  68  6:59  Barracks  
  68  7:00  SCV  
  67  7:01  Hellion x2  
  67  7:03  SCV  
  59  7:12  SCV  
  59  7:14  SCV  
  51  7:16  SCV  
  47  7:24  SCV  
  46  7:31  Hellion x2  
  46  7:33  Marine  
  51  7:37  SCV  
  51  7:40  SCV x2  
  51  7:43  Marine x2  
  56  7:45  Starport Reactor  
  56  7:49  SCV  
  56  7:52  SCV  
  56  7:53  SCV  
  56  7:56  Engineering Bay  
  56  7:57  Engineering Bay, Refinery x2, Marine  
  59  8:01  SCV  
  59  8:02  Marine  
  59  8:03  Marine x3  
  59  8:04  SCV  
  59  8:05  SCV  
  66  8:13  SCV  
  66  8:14  Factory Reactor  
  66  8:17  SCV x2  
  69  8:22  Medivac x2  
  69  8:23  Terran Infantry Weapons Level 1, Terran Infantry Armor Level 1  
  69  8:25  Marine x2, SCV  
  69  8:26  Marine  
  77  8:28  Marine  
  77  8:29  SCV  
  77  8:33  Supply Depot  
  79  8:35  Hellion x4, Supply Depot  
  79  8:36  Missile Turret  
  79  8:43  Marine x3  
  82  8:49  Marine x2  
  84  8:55  Orbital Command  
  84  9:00  Marine  
  84  9:01  Marine  
  86  9:06  SCV  
  87  9:10  Marine x3  
  87  9:12  Medivac x2, Widow Mine x2  
  95  9:18  Marine, SCV  
  95  9:20  SCV  
  98  9:25  Marine, SCV  
  98  9:26  Supply Depot  
  98  9:28  Marine x3  
  98  9:30  SCV  
  104  9:32  Missile Turret  
  104  9:36  Marine  
  91  9:40  Widow Mine x2  
  91  9:42  Medivac x2  
  91  9:43  Marine  
  100  9:48  Marine x2  
  100  9:49  SCV x3  
  104  9:55  Barracks  
  104  9:56  Barracks  
  97  10:01  Marine x2, SCV  
  97  10:02  Marine  
  97  10:03  SCV  
  95  10:11  Marine x2  
  103  10:14  SCV  
  103  10:15  SCV  
  103  10:19  Barracks  
  103  10:20  Barracks  
Tags
 
Add a new tag
Caveats
  • Supply blocks, unpowered buildings, or Contaminate may cause inaccurate times.
  • Supply counts are checked every 10 seconds.